 Dungeon Crawl Stone Soup version 0.24-a0-459-g225fefd530 (webtiles) character file.

Game seed: 17919259036970837426

29 gruber the Ruffian (level 3, 0/31 HPs)
             Began as a Naga Transmuter on June 28, 2019.
             Slain by a crimson imp (2 damage)
             ... on level 2 of the Dungeon.
             The game lasted 00:02:00 (1512 turns).

gruber the Ruffian (Naga Transmuter)                Turns: 1512, Time: 00:02:01

Health: 0/31       AC:  2    Str: 12    XL:     3   Next: 16%
Magic:  5/6        EV: 10    Int: 14    God:
Gold:   32         SH:  0    Dex: 11    Spells: 5/6 levels left

rFire    . . .     SeeInvis +     - Unarmed
rCold    . . .     Gourm    .   (no shield)
rNeg     . . .     Faith    .   b - +0 robe
rPois    +         Spirit   .   (no helmet)
rElec    .         Reflect  .   (no cloak)
rCorr    .         Harm     .   (no gloves)
MR       .....                  (no barding)
Stlth    +.........             (no amulet)
HPRegen  0.10/turn              (no ring)
MPRegen  0.10/turn              (no ring)

@: short of breath, appendage, very slow
A: large, horns 2, see invisible, deformed body, poison resistance, slowness 2,
slow metabolism 1, spit poison 1, AC +1
a: Spit Poison, End Transformation


You were on level 2 of the Dungeon.
You were near starving.
You had grown temporary horns.
You visited 1 branch of the dungeon, and saw 2 of its levels.

You collected 32 gold pieces.

Inventory:

Missiles
 a - 12 arrows
Armour
 b - a +0 robe (worn)
Scrolls
 c - 2 scrolls of remove curse {unknown}
Potions
 e - a potion of agility {unknown}
 f - a potion of haste {unknown}
 g - a potion of invisibility {unknown}
Comestibles
 d - 4 rations


   Skills:
 - Level 1.0 Fighting
 - Level 1.5 Dodging
 + Level 4.2 Unarmed Combat
 - Level 2.0 Spellcasting
 - Level 2.0 Transmutations


You had 5 spell levels left.
You knew the following spells:

 Your Spells              Type           Power        Failure   Level  Hunger
a - Beastly Appendage     Tmut           #.....       11%         1    ##.....

Your spell library contained the following spells:

 Spells                   Type           Power        Failure   Level  Hunger
 Sticks to Snakes         Tmut           #.......     16%         2    ###....
 Spider Form              Tmut/Pois      #.........   43%         3    ####...
 Ice Form                 Ice/Tmut       #.......     83%         4    #####..
 Blade Hands              Tmut           #.........   96%         5    ######.


Dungeon Overview and Level Annotations

Branches:
Dungeon (2/15)

Altars:
Makhleb
Okawaru


Innate Abilities, Weirdness & Mutations

You cannot wear boots.
Your serpentine skin is tough. (AC +1)
You have supernaturally acute eyesight. (SInv)
Armour fits poorly on your strangely shaped body.
Your system is resistant to poisons. (rPois)
You cover ground very slowly.
You have a slow metabolism.
You can spit poison.
You have a pair of horns on your head.


Message History

The crimson imp hits you.
* * * LOW HITPOINT WARNING * * *
You punch the crimson imp!
The crimson imp is almost dead.
The crimson imp barely misses you.
You hit the crimson imp.
You headbutt the crimson imp, but do no damage.
The crimson imp is almost dead.
The crimson imp hits you.
* * * LOW HITPOINT WARNING * * *
You hit the crimson imp but do no damage.
Your headbutt misses the crimson imp.
The crimson imp is severely wounded.
The crimson imp hits you.
* * * LOW HITPOINT WARNING * * *
Press: ? - help, Shift-Dir - straight line, f/p - crimson imp
Aim: a crimson imp (severely wounded)
The splash of poison misses the crimson imp.
You feel slightly more hungry. The crimson imp hits you.
You die...

########## ...#.....##
..........## .........<.# ######
.........[.# #....## ...........#
##'##..# ........)..# ##.@.##.#
†..........###?≈5≈(#.############
.............#≈≈.≈≈#.............
.............#≈≈_≈≈#....(........
...#.........#≈#∩#≈#.............
########.....#######.............
#......############.......
#.......[..# ##...........
#..........##....##.......


You could see a crimson imp.

Vanquished Creatures
  A dart slug (D:1)
  A leopard gecko (D:2)
  A giant cockroach (D:2)
  4 goblins
  2 hobgoblins
  2 quokkas (D:2)
  3 bats (D:1)
  A frilled lizard (D:1)
  4 kobolds
  6 rats
25 creatures vanquished.

Notes
Turn   | Place    | Note
-------+----------+-------------------------------------------
     0 | D:1      | gruber the Naga Transmuter began the quest for the Orb.
     0 | D:1      | Reached XP level 1. HP: 18/18 MP: 3/3
    95 | D:1      | Reached XP level 2. HP: 10/25 MP: 1/5
   919 | D:2      | HP: 1/25 [leopard gecko (4)]
   920 | D:2      | Reached skill level 4 in Unarmed Combat
  1168 | D:2      | Reached XP level 3. HP: 26/31 MP: 4/6
  1427 | D:2      | Found an iron altar of Okawaru.
  1459 | D:2      | Found a burning altar of Makhleb.
  1512 | D:2      | Slain by a crimson imp

Levels and vault maps discovered:
D:1:      sevenhm_arrival_forest_fort_large_2, layout_basic
D:2:      layout_rooms, makhleb_grotto_becter, okawaru_gym_becter,
          nrook_mini_vaults, kennysheep_generic_room_16

Skill      XL: |  1  2 |
---------------+-------+-----
Unarmed Combat | 4 |  4.2
Fighting       | |  1.0
Dodging        | |  1.5
Spellcasting   | |  2.0
Transmutations | |  2.0

Action                   || total
-------------------------++-------
Melee: Unarmed           ||   106
       Headbutt          ||    10
 Cast: Beastly Appendage ||    16
 Abil: Spit Poison       ||     9
Armor: Robe              ||    20
Dodge: Dodged            ||    57

Table legend:
 A = Non-vault XP
 B = Vault XP
 C = Vault XP percentage of total XP
 D = Non-vault monster count
 E = Vault monster count
 F = Vault count percentage of total count
                 A         B        C        D         E       F
            +---------+---------+-------+---------+---------+-------
      Total |      42 |       0 |   0.0 |      25 |       0 |   0.0
            +---------+---------+-------+---------+---------+-------
        D:1 |      25 |       0 |   0.0 |      15 |       0 |   0.0
        D:2 |      17 |       0 |   0.0 |      10 |       0 |   0.0
            +---------+---------+-------+---------+---------+-------
